 Dungeon Crawl Stone Soup version 0.21.1-1-g345015f (webtiles) character file.

61 lotte the Magician (level 3, -8/19 HPs)
             Began as a Deep Elf Wizard on July 1, 2018.
             Killed by divine providence
             ... invoked by an orc priest
              (14 damage)
             ... on level 3 of the Dungeon.
             The game lasted 00:08:59 (2694 turns).

lotte the Magician (Deep Elf Wizard)                Turns: 2694, Time: 00:09:12

Health: -8/19      AC:  2    Str:  4    XL:     3   Next: 83%
Magic:  2/12       EV: 13    Int: 23    God:
Gold:   116        SH:  0    Dex: 13    Spells: 5/14 levels left

rFire    . . .     SeeInvis .   (no weapon)
rCold    . . .     Gourm    .   (no shield)
rNeg     . . .     Faith    .   a - +0 robe
rPois    .         Spirit   .   b - +0 hat
rElec    .         Reflect  .   (no cloak)
rCorr    .         Harm     .   (no gloves)
MR       .....                  (no boots)
Stlth    +.........             (no amulet)
HPRegen  0.06/turn              p - ring of loudness (curse)
MPRegen  0.13/turn              (no ring)

@: no status effects
A: no striking features
a: no special abilities


You were on level 3 of the Dungeon.
You were not hungry.

You visited 1 branch of the dungeon, and saw 3 of its levels.

You collected 116 gold pieces.

Inventory:

Armour
 a - a +0 robe (worn)
 b - a +0 hat (worn)
 s - a +0 scale mail
Jewellery
 p - a cursed ring of loudness (left hand)
Wands
 r - a wand of paralysis (3)
Scrolls
 e - a scroll of enchant armour {unknown}
 i - 2 scrolls of teleportation {unknown}
 l - a scroll of enchant weapon {unknown}
 n - 2 scrolls of remove curse {unknown}
Potions
 f - a potion of flight {unknown}
 g - a potion of lignification {unknown}
 h - 2 potions of degeneration {unknown}
 j - a potion of heal wounds {unknown}
 k - 2 potions of magic {unknown}
 m - a potion of experience {unknown}
 o - a potion of cancellation {unknown}
 q - 2 potions of curing {unknown}
 t - a potion of mutation {unknown}
 u - a potion of invisibility {unknown}
Books
 c - a book of Minor Magic

   Spells                             Type                      Level
   a - Magic Dart                     Conjuration                  1
   b - Blink                          Translocation                2
   c - Call Imp                       Summoning                    2
   d - Slow                           Hexes                        2
   e - Conjure Flame                  Conjuration/Fire             3
   f - Mephitic Cloud                 Conjuration/Poison/Air       3
Comestibles
 d - 7 rations


   Skills:
 - Level 2.4 Dodging
 - Level 2.4 Stealth
 + Level 6.3 Spellcasting
 + Level 1.6 Conjurations
 + Level 1.3 Summonings
   Level 1.1 Translocations


You had 5 spell levels left.
You knew the following spells:

 Your Spells              Type           Power        Failure   Level  Hunger
a - Magic Dart            Conj           ##..         4%          1    None
b - Call Imp              Summ           ##......     7%          2    None
c - Conjure Flame         Conj/Fire      ##......     17%         3    #......
d - Mephitic Cloud        Conj/Pois/Air  #.......     21%         3    #......


Dungeon Overview and Level Annotations

Branches:
Dungeon (3/15)

Altars:
Fedhas
Trog


Message History

A quokka comes into view.
The quokka moves out of view.
Casting: Conjure Flame
Confirm with . or Enter, or press ? or * to list all spells.
Aiming: Conjure Flame
Press: ? - help, Dir - move target cursor The fire ignites!
The orc priest calls down the wrath of Beogh upon you.
You barely resist.
You start resting.
Casting: Conjure Flame
Confirm with . or Enter, or press ? or * to list all spells.
A beastly little devil appears in a puff of flame.
Casting: Call Imp
Confirm with . or Enter, or press ? or * to list all spells.
A beastly little devil appears in a puff of flame.
The orc priest calls down the wrath of Beogh upon you.
Beogh smites you!
Ouch! That really hurt!
You die...

#.#..# #.......
#.#.<# #.......
###.#.## #.......
#......# #.......
#.#.#..# ###.#+##
#.#....#########.#.#
#.#..............#.#
#.################.##
#..5@...5.o5.........
#######.#####......##
#.# #......## #.#
#......## #.#
#######.## #>.
.......... #.#
#######... #.# ####


You could see an orc priest, 2 friendly crimson imps and a friendly shadow imp.

Vanquished Creatures
  An ooze (D:1)
  2 dart slugs (D:1)
  A ball python (D:1)
  6 goblins
  6 hobgoblins
  2 jackals (D:2)
  A quokka (D:3)
  3 bats (D:2)
  A frilled lizard (D:1)
  4 kobolds (D:1)
  7 rats
34 creatures vanquished.

Vanquished Creatures (collateral kills)
  Ijyb (D:3)
  An orc (D:2)
  7 goblins (D:3)
9 creatures vanquished.

Grand Total: 43 creatures vanquished

Notes
Turn   | Place    | Note
-------+----------+-------------------------------------------
     0 | D:1      | lotte the Deep Elf Wizard began the quest for the Orb.
     0 | D:1      | Reached XP level 1. HP: 10/10 MP: 7/7
    62 | D:1      | Reached skill level 5 in Spellcasting
   317 | D:1      | Reached XP level 2. HP: 15/15 MP: 7/10
   321 | D:1      | Learned a level 2 spell: Call Imp
  1248 | D:1      | Reached XP level 3. HP: 19/19 MP: 9/12
  1253 | D:1      | Learned a level 3 spell: Conjure Flame
  1257 | D:1      | Learned a level 3 spell: Mephitic Cloud
  1373 | D:2      | Reached skill level 6 in Spellcasting
  1484 | D:2      | Found a blossoming altar of Fedhas.
  2273 | D:3      | Noticed Ijyb
  2341 | D:3      | Killed Ijyb
  2464 | D:3      | Found a bloodstained altar of Trog.
  2694 | D:3      | Killed from afar by an orc priest

Skill      XL: |  1  2  3 |
---------------+----------+-----
Spellcasting   | 5 6 |  6.3
Dodging        | |  2.4
Stealth        | |  2.4
Conjurations   | |  1.6
Summonings     | |  1.3
Translocations | |  1.1

Action                   || total
-------------------------++-------
Melee: Unarmed           ||    20
 Cast: Magic Dart        ||    79
       Call Imp          ||    14
       Conjure Flame     ||     2
  Eat: Chunk             ||     5
Armor: Robe              ||     4
Dodge: Dodged            ||    20
